 Dungeon Sprint DCSS version 0.23.2-30-g0e89c35649 (webtiles) character file.

Game seed: 10695546478341164287

446 Kobolds4U the Carver (level 6, -10/66 HPs)
             Began as a Minotaur Fighter on June 10, 2019.
             Was an Initiate of Okawaru.
             Mangled by a centaur warrior (11 damage)
             ... in the Dungeon (Sprint I: "Red Sonja").
             The game lasted 00:01:38 (522 turns).

Kobolds4U the Carver (Minotaur Fighter)              Turns: 522, Time: 00:01:39

Health: -10/66     AC:  6    Str: 20    XL:     6   Next: 73%
Magic:  5/5        EV:  7    Int:  5    God:    Okawaru [......]
Gold:   179        SH:  9    Dex: 12    Spells: 5/5 levels left

rFire    . . .     SeeInvis .   a - +0 long sword
rCold    . . .     Gourm    .   c - +0 shield
rNeg     . . .     Faith    .   b - +0 scale mail
rPois    .         Spirit   .   (helmet restricted)
rElec    .         Reflect  .   (no cloak)
rCorr    .         Harm     .   (no gloves)
MR       .....     NoTele   +   (no boots)
Stlth    ..........             (no amulet)
HPRegen  0.21/turn              (no ring)
MPRegen  0.09/turn              (no ring)

@: no status effects
A: retaliatory headbutt, horns 2
a: Renounce Religion


You were in the Dungeon.
You worshipped Okawaru.
Okawaru was noncommittal.
You were not hungry.

You visited 1 branch You collected 259 gold pieces.
You spent 80 gold pieces at shops.

Inventory:

Hand Weapons
 a - a +0 long sword (weapon)
Armour
 b - a +0 scale mail (worn)
 c - a +0 shield (worn)
Wands
 l - a wand of polymorph (1)
Scrolls
 k - a scroll of blinking
Potions
 g - a potion of heal wounds
 h - a potion of haste
 i - 3 potions of magic
 j - a potion of berserk rage
Comestibles
 f - a ration


   Skills:
 + Level 10.2 Fighting
 - Level 14.0 Long Blades
 + Level 3.6 Armour
 - Level 3.6 Shields


You had 5 spell levels left.
You didn't know any spells.
Your spell library was empty.

Dungeon Overview and Level Annotations

Branches:
Dungeon (1/1)

Altars:
Cheibriados
Dithmenos
Elyvilon
Fedhas
Gozag
Hepliaklqana
Kikubaaqudgha
Nemelex Xobeh
Okawaru
Qazlal
Ru
Sif Muna
Trog
Uskayaw
Vehumet
Wu Jian
Yredelemnul
Zin
The Shining One

Shops:
D *


Innate Abilities, Weirdness & Mutations

You reflexively headbutt those who attack you in melee.
You have a pair of horns on your head.


Message History

* * * LOW HITPOINT WARNING * * *
You slash the centaur warrior!
You headbutt the centaur warrior, but do no damage.
The centaur warrior is heavily wounded.
The centaur warrior hits you.
* * * LOW HITPOINT WARNING * * *
Unknown command.
You feel much better. The centaur warrior hits you!
* * * LOW HITPOINT WARNING * * *
The centaur warrior closely misses you.
You barely miss the centaur warrior. You headbutt the centaur warrior.
The centaur warrior is heavily wounded.
The centaur warrior hits you.
* * * LOW HITPOINT WARNING * * *
You hit the centaur warrior but do no damage.
The centaur warrior is heavily wounded.
The centaur warrior hits you!
* * * LOW HITPOINT WARNING * * *
The centaur warrior hits you!
You die...

################
#<.#.))..#..'..#
#..'..#..)..#.(+
#..#####+#####@# ##
#..#### #...#c####§§#
#..#__####..##.#§≈≈§c#
#..#_____##'#_(§§§§§.+
#⌠⌠#_.∩...'...§#≈≈§§c#
####_..__##_.#§##+####
#_____###+#.# #######
###


You could see a centaur warrior.

Vanquished Creatures
  Sigmund (D)
  A yak (D)
  An ogre (D)
  A jelly (D)
  Ijyb (D)
5 creatures vanquished.

Notes
Turn   | Place    | Note
-------+----------+-------------------------------------------
     0 | D        | Kobolds4U the Minotaur Fighter began the quest for the Orb.
     0 | D        | Reached XP level 1. HP: 19/19 MP: 0/0
     1 | D        | Noticed Ijyb
    38 | D        | Killed Ijyb
    38 | D        | Reached skill level 7 in Long Blades
    38 | D        | Reached XP level 2. HP: 18/26 MP: 1/1
   134 | D        | Noticed an ogre
   139 | D        | Killed an ogre
   139 | D        | Reached skill level 11 in Long Blades
   139 | D        | Reached XP level 3. HP: 31/31 MP: 2/2
   139 | D        | Reached XP level 4. HP: 39/39 MP: 3/3
   143 | D        | Noticed Sigmund
   153 | D        | Killed Sigmund
   153 | D        | Reached skill level 12 in Long Blades
   153 | D        | Reached XP level 5. HP: 16/53 MP: 4/4
   153 | D        | Reached XP level 6. HP: 19/61 MP: 5/5
   162 | D        | Found a deep blue altar of Sif Muna.
   163 | D        | Found an ornate altar of the Wu Jian Council.
   164 | D        | Found a radiant altar of Vehumet.
   166 | D        | Reached skill level 13 in Long Blades
   170 | D        | Found Zujucal's Assorted Antiques.
   170 | D        | Found an ancient bone altar of Kikubaaqudgha.
   170 | D        | Found a stormy altar of Qazlal.
   170 | D        | Found a blossoming altar of Fedhas.
   170 | D        | Found a bloodstained altar of Trog.
   170 | D        | Found an iron altar of Okawaru.
   170 | D        | Found a glowing golden altar of the Shining One.
   170 | D        | Found a glowing silver altar of Zin.
   170 | D        | Found a white marble altar of Elyvilon.
   170 | D        | Noticed a yak
   172 | D        | HP: 2/62 [yak (13)]
   175 | D        | Killed a yak
   175 | D        | Reached skill level 10 in Fighting
   175 | D        | Reached skill level 14 in Long Blades
   176 | D        | Found a hazy altar of Hepliaklqana.
   176 | D        | Found a hide-covered altar of Uskayaw.
   176 | D        | Found a basalt altar of Yredelemnul.
   176 | D        | Found an opulent altar of Gozag.
   176 | D        | Found a snail-covered altar of Cheibriados.
   176 | D        | Found a sacrificial altar of Ru.
   176 | D        | Found a shadowy altar of Dithmenos.
   179 | D        | Found a sparkling altar of Nemelex Xobeh.
   184 | D        | Became a worshipper of Warmaster Okawaru
   210 | D        | Bought a potion of heal wounds for 80 gold pieces
   501 | D        | Noticed a centaur warrior
   501 | D        | Noticed a centaur warrior
   519 | D        | HP: 1/66 [centaur warrior (5)]
   522 | D        | Mangled by a centaur warrior

Skill      XL: |  1  2  3  4  5  6 |
---------------+-------------------+-----
Long Blades    | 7 11 12 14 | 14.0
Fighting       | 8 10 | 10.2
Armour         | |  3.6
Shields        | |  3.6

Action                   |  1- 3 |  4- 6 || total
-------------------------+-------+-------++-------
Melee: Unarmed           |    26 |       ||    26
       Long sword        |    11 |    14 ||    25
       Headbutt          |       |     5 ||     5
  Use: Potion            |     1 |     2 ||     3
Armor: Scale mail        |     3 |     1 ||     4
       Skin              |     1 |       ||     1
Dodge: Dodged            |    14 |     5 ||    19
Block: Shield            |     5 |     1 ||     6
       Rpst.: Long sword |       |     1 ||     1
